BUFFALO vs WASHINGTON

Created - May 15, 2021 at 14:15

Goals
1 2 3 T
BUFFALO 4 0 1 5
WASHINGTON 0 1 1 2
Shots
1 2 3 T
BUFFALO 11 13 12 36
WASHINGTON 3 10 12 25

1st period

1. BUFFALO , Roman Josi 11 (Brock Nelson 40, Drew Doughty 37) at 7:46
2. BUFFALO , Brock Nelson 36 (Brad Marchand 32, Roman Josi 51) at 12:20
3. BUFFALO , Roman Josi 12 (Eric Staal 26) at 15:05 (PP)
4. BUFFALO , Shea Theodore 11 (Brad Marchand 33, Matt Duchene 28) at 19:40 (PP)

Penalties :
Damon Severson (WSH) for Tripping (Minor) at 13:51, Radko Gudas (WSH) for Holding (Minor) at 17:23, Carter Hart (WSH) for Slashing (Minor) at 17:43 - Casey Cizikas served the penalty.

2nd period

5. WASHINGTON , Ryan Getzlaf 24 (Brendan Gallagher 23, Damon Severson 33) at 5:21

Penalties :
Blake Wheeler (WSH) for Interference (Minor) at 3:11, Ryan Graves (WSH) for Close Hand On Puck (Minor) at 7:43, Dylan DeMelo (WSH) for Slashing (Minor) at 14:01, Brad Marchand (BUF) for Hooking (Minor) at 14:22, Dustin Brown (BUF) for Delaying the game (Minor) at 18:18

3rd period

6. WASHINGTON , Clayton Keller 20 (Damon Severson 34) at 3:46 (PP)
7. BUFFALO , Carl Hagelin 11 (Nate Thompson 7) at 11:18

Penalties :
Dustin Brown (BUF) for Hooking (Minor) at 2:20, Nate Thompson (BUF) for Hooking (Minor) at 4:07, Matt Niskanen (WSH) for Hooking (Minor) at 12:01, Victor Hedman (WSH) for Hooking (Minor) at 13:00, Marc Staal (BUF) for Interference (Minor) at 18:48

Goalie Stats

Tuukka Rask (BUF), 23 saves from 25 shots - (0.920), W, 39-13-3, 60:00 minutes
Carter Hart (WSH), 31 saves from 36 shots - (0.861), L, 29-17-6, 60:00 minutes

Players Stats for BUFFALO

Player Name              G  A  P  +/- PIM S  H  SB GA TA FO     MP     PP MP  PK MP  
------------------------------------------------------------------------------------
Alex Chiasson            0  0  0   0  0   0  0  0  0  0  0/0     5:11   0:00   0:00 
Alex Killorn             0  0  0   0  0   4  0  0  0  0  0/2    12:04   0:00   0:00 
Brad Marchand            0  2  2   2  2   4  4  0  0  0  1/2    23:23   6:06   4:02 
Brent Seabrook           0  0  0   0  0   2  3  0  0  0  0/0    21:07   4:50   3:08 
Brock Nelson             1  1  2   2  0   5  0  1  0  0  0/0    21:18   6:07   0:50 
Carl Hagelin             1  0  1   0  0   2  0  0  0  0  0/0     7:59   0:00   2:48 
Charlie Coyle            0  0  0   0  0   1  0  0  0  0  0/0    16:13   4:41   0:00 
Drew Doughty             0  1  1   3  0   3  2  0  0  0  0/0    25:44   5:58   3:48 
Dustin Brown             0  0  0   0  4   0  2  0  0  0  1/1    10:49   0:00   0:11 
Eric Staal               0  1  1   0  0   2  0  0  0  0  8/20   17:25   4:41   0:06 
James van Riemsdyk       0  0  0   0  0   2  0  0  0  0  0/2    15:21   4:41   0:00 
Jordan Staal             0  0  0   0  0   3  2  0  0  0  11/26  16:05   0:00   4:53 
Marc Staal               0  0  0  -1  2   1  0  1  0  0  0/0    15:44   0:00   2:36 
Marco Scandella          0  0  0  -1  0   0  0  1  0  0  0/0    13:09   0:00   0:00 
Matt Duchene             0  1  1   2  0   1  1  0  0  0  14/26  19:22   6:07   0:00 
Nate Thompson            0  1  1   0  2   0  0  0  0  0  5/12    6:12   0:00   1:02 
Roman Josi               2  1  3   3  0   4  0  2  0  0  0/0    25:44   5:58   3:48 
Shea Theodore            1  0  1   0  0   2  0  0  0  0  0/0    18:31   4:50   0:32 

Players Stats for WASHINGTON

Player Name              G  A  P  +/- PIM S  H  SB GA TA FO     MP     PP MP  PK MP  
------------------------------------------------------------------------------------
Blake Wheeler            0  0  0  -2  2   4  7  0  0  0  2/3    18:39   3:42   0:00 
Brayden Schenn           0  0  0  -1  0   0  0  0  0  0  2/2    15:29   4:21   0:00 
Brendan Gallagher        0  1  1   1  0   3  0  0  0  0  1/1    19:15   3:14   0:00 
Cal Clutterbuck          0  0  0   0  0   0  2  1  0  0  0/2     6:44   0:00   4:17 
Casey Cizikas            0  0  0  -1  0   2  1  0  0  0  10/12  12:07   0:00   3:41 
Clayton Keller           1  0  1   1  0   1  0  0  0  0  0/1    19:15   3:14   0:00 
Damon Severson           0  2  2   1  2   2  0  2  0  0  0/0    20:37   4:21   3:29 
Dylan DeMelo             0  0  0  -2  2   0  2  2  0  0  0/0    11:32   0:00   1:16 
Justin Williams          0  0  0  -1  0   2  0  0  0  0  0/0     8:47   0:21   0:00 
Luke Glendening          0  0  0   0  0   0  1  0  0  0  7/12    6:57   0:00   4:30 
Matt Niskanen            0  0  0  -1  2   0  1  1  0  0  0/0    22:27   2:35   4:20 
Radko Gudas              0  0  0   1  2   1  2  3  0  0  0/0    17:00   0:00   4:13 
Ryan Getzlaf             1  0  1   1  0   3  2  0  0  0  14/27  20:12   2:53   0:54 
Ryan Graves              0  0  0  -2  2   0  0  1  0  0  0/0    14:50   0:00   4:34 
Ryan O'Reilly            0  0  0  -2  0   1  0  0  0  0  15/30  24:15   3:42   5:35 
Victor Hedman            0  0  0  -1  2   3  0  1  0  0  0/0    25:24   2:35   3:38 
Victor Mete              0  0  0   0  0   0  0  0  0  0  0/0     3:43   0:00   0:05 
Zach Parise              0  0  0  -2  0   3  0  0  0  0  0/1    17:35   3:42   0:00 

3 Stars

1 - Roman Josi (BUF)
2 - Brock Nelson (BUF)
3 - Brad Marchand (BUF)

Power Play

BUFFALO - 2 on 8 Attempt(s) - 25.00%
WASHINGTON - 1 on 5 Attempt(s) - 20.00%

Penalty Kill

BUFFALO - 4 on 5 Attempt(s) - 80.00% - Score 0 goal in Penalty Kill
WASHINGTON - 6 on 8 Attempt(s) - 75.00% - Score 0 goal in Penalty Kill

Team Stat

BUFFALO - Hits : 14 - Faceoff Wins : 40 - Blocked Shots : 5 - Penalty Minutes : 10
WASHINGTON - Hits : 18 - Faceoff Wins : 51 - Blocked Shots : 11 - Penalty Minutes : 16

Official

Referees : Ian Walsh and Alex Nellis
Linesman : Dennis Urban and Matt Brady

Game Notes

No Game Note

Finance

Level 1 -- Attendance: 6000 (100.00%) -- Ticket Income $498,000
Level 2 -- Attendance: 4896 (97.92%) -- Ticket Income $249,696
Level 3 -- Attendance: 2000 (100.00%) -- Ticket Income $52,000
Level 4 -- Attendance: 4000 (100.00%) -- Ticket Income $64,000
Luxury Box -- Attendance: 895 (89.50%) -- Ticket Income $152,150
Game was played at the Verizon Center.
Total Attendance: 17791 (98.84%)
Total Ticket Income: $1,015,846
Total Income: $1,015,846

BUFFALO

5 vs 5 Forward 
   Center                   Left Wing                Right Wing               Time % Phy DF OF 
 1 Matt Duchene             Brad Marchand            Brock Nelson             35     0   1  4  
 2 Eric Staal               Alex Killorn             Charlie Coyle            30     0   1  4  
 3 Jordan Staal             James van Riemsdyk       Dustin Brown             25     1   1  3  
 4 Nate Thompson            Alex Chiasson            Carl Hagelin             10     2   2  1  

5 vs 5 Defense 
   Defense                  Defense                                           Time % Phy DF OF 
 1 Roman Josi               Drew Doughty                                      35     1   1  3  
 2 Brent Seabrook           Shea Theodore                                     30     1   1  3  
 3 Marco Scandella          Marc Staal                                        25     1   1  3  
 4 Roman Josi               Drew Doughty                                      10     1   1  3  

PowerPlay Forward 
   Center                   Left Wing                Right Wing               Time % Phy DF OF 
 1 Matt Duchene             Brad Marchand            Brock Nelson             60     0   0  5  
 2 Eric Staal               James van Riemsdyk       Charlie Coyle            40     0   0  5  

PowerPlay Defense
   Defense                  Defense                                           Time % Phy DF OF 
 1 Roman Josi               Drew Doughty                                      60     1   0  4  
 2 Brent Seabrook           Shea Theodore                                     40     1   0  4  

Penalty Kill 4 Players Forward 
   Center                   Wing                     Time % Phy DF OF 
 1 Jordan Staal             Brad Marchand            60     2   2  1  
 2 Nate Thompson            Carl Hagelin             40     1   3  1  

Penalty Kill 4 Players Defense
   Defense                  Defense                  Time % Phy DF OF 
 1 Roman Josi               Drew Doughty             60     1   2  2  
 2 Brent Seabrook           Marc Staal               40     1   2  2  

Penalty Kill - 3 Players Forward 
   Forward                                           Time % Phy DF OF 
 1 Jordan Staal                                      60     1   4  0  
 2 Nate Thompson                                     40     1   4  0  

Penalty Kill - 3 Players Defense
   Defense                  Defense                  Time % Phy DF OF 
 1 Roman Josi               Drew Doughty             60     1   2  2  
 2 Brent Seabrook           Marc Staal               40     1   2  2  

4 vs 4 Forward 
   Center                   Wing                     Time % Phy DF OF 
 1 Eric Staal               Brock Nelson             60     1   1  3  
 2 Jordan Staal             Alex Killorn             40     1   1  3  

4 vs 4 Defense
   Defense                  Defense                  Time % Phy DF OF 
 1 Roman Josi               Drew Doughty             60     1   2  2  
 2 Brent Seabrook           Shea Theodore            40     1   2  2  

Last Minutes Offensive
   Center                   Left Wing                Right Wing               Defense                  Defense                  
   Matt Duchene             Brad Marchand            Brock Nelson             Roman Josi               Drew Doughty             

Last Minutes Defensive
   Center                   Left Wing                Right Wing               Defense                  Defense                  
   Jordan Staal             Brad Marchand            Brock Nelson             Roman Josi               Drew Doughty             

Goaltenders
Starting : Tuukka Rask              
Backup : Alex Stalock             

Extra Forwards
Normal : Jordan Staal, James van Riemsdyk, Carl Hagelin - PP : Jordan Staal, James van Riemsdyk - PK : Carl Hagelin
Extra Defensemen
Normal : Shea Theodore, Brent Seabrook, Marc Staal - PP : Marco Scandella - PK : Shea Theodore, Marco Scandella
Penalty Shots
Matt Duchene, Brad Marchand, Brock Nelson, James van Riemsdyk, Charlie Coyle

Scratches
David Backes (Healthy), Noel Acciari (Healthy), Matt Grzelcyk (Healthy)

WASHINGTON

5 vs 5 Forward 
   Center                   Left Wing                Right Wing               Time % Phy DF OF 
 1 Ryan O'Reilly            Zach Parise              Blake Wheeler            35     0   2  3  
 2 Ryan Getzlaf             Clayton Keller           Brendan Gallagher        35     0   2  3  
 3 Casey Cizikas            Brayden Schenn           Justin Williams          20     1   2  2  
 4 Luke Glendening          Brayden Schenn           Cal Clutterbuck          10     2   2  1  

5 vs 5 Defense 
   Defense                  Defense                                           Time % Phy DF OF 
 1 Victor Hedman            Matt Niskanen                                     40     0   3  2  
 2 Damon Severson           Radko Gudas                                       35     0   3  2  
 3 Ryan Graves              Dylan DeMelo                                      24     0   3  2  
 4 Victor Hedman            Victor Mete                                       1      0   3  2  

PowerPlay Forward 
   Center                   Left Wing                Right Wing               Time % Phy DF OF 
 1 Ryan O'Reilly            Zach Parise              Blake Wheeler            65     0   0  5  
 2 Ryan Getzlaf             Clayton Keller           Brendan Gallagher        35     0   0  5  

PowerPlay Defense
   Defense                  Defense                                           Time % Phy DF OF 
 1 Damon Severson           Brayden Schenn                                    65     0   1  4  
 2 Victor Hedman            Matt Niskanen                                     35     0   1  4  

Penalty Kill 4 Players Forward 
   Center                   Wing                     Time % Phy DF OF 
 1 Ryan O'Reilly            Casey Cizikas            50     0   5  0  
 2 Luke Glendening          Cal Clutterbuck          50     0   5  0  

Penalty Kill 4 Players Defense
   Defense                  Defense                  Time % Phy DF OF 
 1 Victor Hedman            Matt Niskanen            50     0   5  0  
 2 Ryan Graves              Radko Gudas              50     0   5  0  

Penalty Kill - 3 Players Forward 
   Forward                                           Time % Phy DF OF 
 1 Ryan O'Reilly                                     65     0   5  0  
 2 Luke Glendening                                   35     0   5  0  

Penalty Kill - 3 Players Defense
   Defense                  Defense                  Time % Phy DF OF 
 1 Victor Hedman            Matt Niskanen            65     0   5  0  
 2 Ryan Graves              Radko Gudas              35     0   5  0  

4 vs 4 Forward 
   Center                   Wing                     Time % Phy DF OF 
 1 Ryan O'Reilly            Blake Wheeler            65     0   2  3  
 2 Ryan Getzlaf             Brayden Schenn           35     0   2  3  

4 vs 4 Defense
   Defense                  Defense                  Time % Phy DF OF 
 1 Victor Hedman            Matt Niskanen            65     0   3  2  
 2 Damon Severson           Radko Gudas              35     0   3  2  

Last Minutes Offensive
   Center                   Left Wing                Right Wing               Defense                  Defense                  
   Ryan O'Reilly            Brayden Schenn           Blake Wheeler            Victor Hedman            Matt Niskanen            

Last Minutes Defensive
   Center                   Left Wing                Right Wing               Defense                  Defense                  
   Ryan O'Reilly            Casey Cizikas            Blake Wheeler            Victor Hedman            Ryan Graves              

Goaltenders
Starting : Carter Hart              
Backup : Carter Hutton            

Extra Forwards
Normal : Blake Wheeler, Ryan O'Reilly, Brayden Schenn - PP : Justin Williams, Casey Cizikas - PK : Ryan Getzlaf
Extra Defensemen
Normal : Victor Hedman, Damon Severson, Matt Niskanen - PP : Ryan Graves - PK : Damon Severson, Dylan DeMelo
Penalty Shots
Ryan Getzlaf, Zach Parise, Justin Williams, Blake Wheeler, Ryan O'Reilly

Scratches
WSH Cap Hit (Suspend), Sam Bennett (Healthy), Martin Frk (Healthy)

% Time on Ice - BUFFALO

Lines # - Real PCT - Wanted PCT - Time Play
Normal Forward
1 - 33% - 35% - 13:15
2 - 28% - 30% - 11:32
3 - 26% - 25% - 10:40
4 - 13% - 10% - 5:11
Normal Defense
1 - 36% - 35% - 14:39
2 - 30% - 30% - 12:05
3 - 32% - 25% - 13:09
4 - 2% - 10% - 0:45
PP Forward
1 - 57% - 60% - 6:07
2 - 43% - 40% - 4:41
PP Defense
1 - 55% - 60% - 5:58
2 - 45% - 40% - 4:50
PK Forward
1 - 73% - 60% - 5:04
2 - 27% - 40% - 1:52
PK Defense
1 - 55% - 60% - 3:48
2 - 45% - 40% - 3:08
PK3 Forward
1 - 0% - 60%
2 - 0% - 40%
PK3 Defense
1 - 0% - 60%
2 - 0% - 40%
44 Forward
1 - 67% - 60% - 1:06
2 - 33% - 40% - 0:32
44 Defense
1 - 35% - 60% - 0:34
2 - 65% - 40% - 1:04
Last Minute Offensive  - 0:00
Last Minute Defensive  - 0:00
Total
Forward - 60:00
Defense - 60:00

% Time on Ice - WASHINGTON

Lines # - Real PCT - Wanted PCT - Time Play
Normal Forward
1 - 34% - 35% - 13:44
2 - 39% - 35% - 16:01
3 - 21% - 20% - 8:26
4 - 6% - 10% - 2:27
Normal Defense
1 - 36% - 40% - 14:37
2 - 30% - 35% - 12:06
3 - 25% - 24% - 10:17
4 - 9% - 1% - 3:38
PP Forward
1 - 53% - 65% - 3:42
2 - 47% - 35% - 3:14
PP Defense
1 - 63% - 65% - 4:21
2 - 37% - 35% - 2:35
PK Forward
1 - 47% - 50% - 3:52
2 - 53% - 50% - 4:17
PK Defense
1 - 44% - 50% - 3:33
2 - 56% - 50% - 4:36
PK3 Forward
1 - 92% - 65% - 2:26
2 - 8% - 35% - 0:13
PK3 Defense
1 - 69% - 65% - 1:49
2 - 31% - 35% - 0:50
44 Forward
1 - 76% - 65% - 1:14
2 - 24% - 35% - 0:24
44 Defense
1 - 57% - 65% - 0:56
2 - 43% - 35% - 0:42
Last Minute Offensive  - 0:00
Last Minute Defensive  - 0:00
Total
Forward - 60:00
Defense - 60:00

Play-by-Play

1st period


0:01 of 1st period - Ryan O'Reilly wins face-off versus Matt Duchene in neutral zone.
0:35 of 1st period - Shot by Brad Marchand.
0:35 of 1st period - Shot Misses the Net.
1:22 of 1st period - Shot by Eric Staal.
1:22 of 1st period - Shot Misses the Net.
1:59 of 1st period - Icing by Marc Staal.
2:00 of 1st period - Brayden Schenn wins face-off versus James van Riemsdyk in BUFFALO zone.
2:24 of 1st period - Justin Williams is hit by Jordan Staal and loses puck.
2:39 of 1st period - Marco Scandella is hit by Casey Cizikas and loses puck.
3:24 of 1st period - Alex Chiasson is hit by Blake Wheeler and loses puck.
3:55 of 1st period - Shot by Alex Killorn.
3:55 of 1st period - Stopped by Carter Hart with a rebound.
3:57 of 1st period - Shot by Brent Seabrook.
3:57 of 1st period - Shot Blocked by Damon Severson.
4:03 of 1st period - Shot by Alex Killorn.
4:03 of 1st period - Stopped by Carter Hart with a rebound.
4:05 of 1st period - Shot by Alex Killorn.
4:05 of 1st period - Shot Blocked by Cal Clutterbuck.
4:19 of 1st period - Shot by Eric Staal.
4:19 of 1st period - Shot Misses the Net.
4:21 of 1st period - Shot by Brent Seabrook.
4:21 of 1st period - Stopped by Carter Hart without a rebound.
4:22 of 1st period - Matt Duchene wins face-off versus Ryan Getzlaf in WASHINGTON zone.
4:22 of 1st period - Matt Duchene is hit by Dylan DeMelo.
5:43 of 1st period - Marco Scandella is hit by Blake Wheeler and loses puck.
5:55 of 1st period - Icing by Marc Staal.
5:56 of 1st period - Jordan Staal wins face-off versus Casey Cizikas in BUFFALO zone.
7:44 of 1st period - Shot by Brock Nelson.
7:44 of 1st period - Shot Misses the Net.
7:46 of 1st period - Shot by Roman Josi.
7:46 of 1st period - Goal by Roman Josi - BUFFALO : 1 - WASHINGTON : 0.
7:47 of 1st period - Casey Cizikas wins face-off versus Nate Thompson in neutral zone.
7:55 of 1st period - Shot by Damon Severson.
7:55 of 1st period - Stopped by Tuukka Rask without a rebound.
7:56 of 1st period - Luke Glendening wins face-off versus Matt Duchene in BUFFALO zone.
8:52 of 1st period - Icing by Damon Severson.
8:53 of 1st period - Jordan Staal wins face-off versus Ryan Getzlaf in WASHINGTON zone.
9:01 of 1st period - James van Riemsdyk is hit by Radko Gudas and loses puck.
9:04 of 1st period - Shot by Jordan Staal.
9:04 of 1st period - Shot Blocked by Radko Gudas.
10:25 of 1st period - Shot by Ryan O'Reilly.
10:25 of 1st period - Shot Misses the Net.
11:19 of 1st period - Icing by Matt Niskanen.
11:20 of 1st period - Casey Cizikas wins face-off versus Eric Staal in WASHINGTON zone.
11:54 of 1st period - Shot by Clayton Keller.
11:54 of 1st period - Shot Misses the Net.
11:56 of 1st period - Shot by Brendan Gallagher.
11:56 of 1st period - Stopped by Tuukka Rask without a rebound.
11:57 of 1st period - Matt Duchene wins face-off versus Ryan O'Reilly in BUFFALO zone.
11:59 of 1st period - Icing by Brad Marchand.
12:00 of 1st period - Matt Duchene wins face-off versus Ryan O'Reilly in BUFFALO zone.
12:00 of 1st period - Matt Duchene is hit by Blake Wheeler.
12:20 of 1st period - Shot by Brad Marchand.
12:20 of 1st period - Deflect By Brock Nelson.
12:20 of 1st period - Goal by Brock Nelson - BUFFALO : 2 - WASHINGTON : 0.
12:21 of 1st period - Ryan Getzlaf wins face-off versus Jordan Staal in neutral zone.
12:39 of 1st period - Marco Scandella is hit by Ryan Getzlaf and loses puck.
13:01 of 1st period - Icing by Marc Staal.
13:02 of 1st period - Blake Wheeler wins face-off versus Jordan Staal in BUFFALO zone.
13:11 of 1st period - Shot by Blake Wheeler.
13:11 of 1st period - Shot Misses the Net.
13:14 of 1st period - Icing by Marco Scandella.
13:15 of 1st period - Brayden Schenn wins face-off versus Jordan Staal in BUFFALO zone.
13:23 of 1st period - Icing by James van Riemsdyk.
13:24 of 1st period - Jordan Staal wins face-off versus Ryan O'Reilly in BUFFALO zone.
13:24 of 1st period - Jordan Staal is hit by Blake Wheeler.
13:30 of 1st period - Ryan O'Reilly is hit by Dustin Brown.
13:51 of 1st period - Minor Penalty to Damon Severson for Tripping.
13:52 of 1st period - Matt Duchene wins face-off versus Luke Glendening in WASHINGTON zone.
14:51 of 1st period - Shot by Drew Doughty.
14:51 of 1st period - Shot Blocked by Victor Hedman.
14:53 of 1st period - Shot by James van Riemsdyk.
14:53 of 1st period - Deflect By Eric Staal.
14:53 of 1st period - Shot Blocked by Matt Niskanen.
15:03 of 1st period - Shot by Roman Josi.
15:03 of 1st period - Stopped by Carter Hart without a rebound.
15:04 of 1st period - Eric Staal wins face-off versus Ryan O'Reilly in WASHINGTON zone.
15:05 of 1st period - Shot by Roman Josi.
15:05 of 1st period - Goal by Roman Josi - BUFFALO : 3 - WASHINGTON : 0.
15:06 of 1st period - Ryan Getzlaf wins face-off versus Nate Thompson in neutral zone.
15:21 of 1st period - Icing by Dylan DeMelo.
15:22 of 1st period - Ryan Getzlaf wins face-off versus Eric Staal in WASHINGTON zone.
16:40 of 1st period - Brad Marchand is hit by Blake Wheeler and loses puck.
17:12 of 1st period - Shot by Justin Williams.
17:12 of 1st period - Stopped by Tuukka Rask without a rebound.
17:13 of 1st period - Nate Thompson wins face-off versus Ryan Getzlaf in BUFFALO zone.
17:20 of 1st period - Shot by Carl Hagelin.
17:20 of 1st period - Stopped by Carter Hart without a rebound.
17:21 of 1st period - Eric Staal wins face-off versus Cal Clutterbuck in WASHINGTON zone.
17:23 of 1st period - Minor Penalty to Radko Gudas for Holding.
17:24 of 1st period - Eric Staal wins face-off versus Cal Clutterbuck in WASHINGTON zone.
17:31 of 1st period - Shot by Eric Staal.
17:31 of 1st period - Shot Misses the Net.
17:43 of 1st period - Shot by Eric Staal.
17:43 of 1st period - Stopped by Carter Hart without a rebound.
17:43 of 1st period - Minor Penalty to Carter Hart for Slashing.
17:44 of 1st period - Matt Duchene wins face-off versus Ryan O'Reilly in WASHINGTON zone.
18:50 of 1st period - Shot by Drew Doughty.
18:50 of 1st period - Stopped by Carter Hart without a rebound.
18:51 of 1st period - Ryan O'Reilly wins face-off versus Eric Staal in WASHINGTON zone.
19:38 of 1st period - Shot by Brad Marchand.
19:38 of 1st period - Shot Blocked by Radko Gudas.
19:40 of 1st period - Shot by Shea Theodore.
19:40 of 1st period - Goal by Shea Theodore - BUFFALO : 4 - WASHINGTON : 0.
19:41 of 1st period - Ryan Getzlaf wins face-off versus Nate Thompson in neutral zone.
19:52 of 1st period - Shot by Brendan Gallagher.
19:52 of 1st period - Shot Blocked by Marco Scandella.
Goals for this period are 4 for BUFFALO vs 0 for WASHINGTON.
Shots for this period are 11 for BUFFALO vs 3 for WASHINGTON.

2nd period


0:01 of 2nd period - Ryan O'Reilly wins face-off versus Matt Duchene in neutral zone.
0:08 of 2nd period - Shot by Zach Parise.
0:08 of 2nd period - Shot Hit the Post.
0:10 of 2nd period - Shot by Blake Wheeler.
0:10 of 2nd period - Shot Misses the Net.
0:22 of 2nd period - Shot by Ryan O'Reilly.
0:22 of 2nd period - Stopped by Tuukka Rask without a rebound.
0:23 of 2nd period - Ryan Getzlaf wins face-off versus Eric Staal in BUFFALO zone.
1:13 of 2nd period - Icing by Clayton Keller.
1:14 of 2nd period - Matt Duchene wins face-off versus Ryan Getzlaf in WASHINGTON zone.
1:29 of 2nd period - Shot by Brad Marchand.
1:29 of 2nd period - Stopped by Carter Hart without a rebound.
1:30 of 2nd period - Ryan O'Reilly wins face-off versus Jordan Staal in WASHINGTON zone.
2:09 of 2nd period - Icing by Marc Staal.
2:10 of 2nd period - Casey Cizikas wins face-off versus Jordan Staal in BUFFALO zone.
2:47 of 2nd period - Off-side.
2:48 of 2nd period - Matt Duchene wins face-off versus Ryan Getzlaf in neutral zone.
3:07 of 2nd period - Shot by Ryan Getzlaf.
3:07 of 2nd period - Stopped by Tuukka Rask with a rebound.
3:09 of 2nd period - Shot by Radko Gudas.
3:09 of 2nd period - Stopped by Tuukka Rask without a rebound.
3:10 of 2nd period - Eric Staal wins face-off versus Ryan O'Reilly in BUFFALO zone.
3:10 of 2nd period - Eric Staal is hit by Blake Wheeler.
3:11 of 2nd period - Minor Penalty to Blake Wheeler for Interference.
3:12 of 2nd period - Matt Duchene wins face-off versus Ryan O'Reilly in WASHINGTON zone.
3:21 of 2nd period - Shot by Brad Marchand.
3:21 of 2nd period - Stopped by Carter Hart without a rebound.
3:22 of 2nd period - Matt Duchene wins face-off versus Ryan O'Reilly in WASHINGTON zone.
3:33 of 2nd period - Shot by Roman Josi.
3:33 of 2nd period - Stopped by Carter Hart without a rebound.
3:34 of 2nd period - Eric Staal wins face-off versus Luke Glendening in WASHINGTON zone.
3:35 of 2nd period - Shot by Drew Doughty.
3:35 of 2nd period - Stopped by Carter Hart without a rebound.
3:36 of 2nd period - Ryan O'Reilly wins face-off versus Matt Duchene in WASHINGTON zone.
3:36 of 2nd period - Ryan O'Reilly is hit by Brad Marchand.
5:01 of 2nd period - Shot by James van Riemsdyk.
5:01 of 2nd period - Stopped by Carter Hart with a rebound.
5:03 of 2nd period - Shot by Shea Theodore.
5:03 of 2nd period - Shot Misses the Net.
5:19 of 2nd period - Shot by Brendan Gallagher.
5:19 of 2nd period - Shot Misses the Net.
5:21 of 2nd period - Shot by Ryan Getzlaf.
5:21 of 2nd period - Goal by Ryan Getzlaf - BUFFALO : 4 - WASHINGTON : 1.
5:22 of 2nd period - Nate Thompson wins face-off versus Ryan Getzlaf in neutral zone.
6:09 of 2nd period - Victor Hedman is hit by Matt Duchene.
7:11 of 2nd period - Shot by Brent Seabrook.
7:11 of 2nd period - Stopped by Carter Hart without a rebound.
7:12 of 2nd period - Casey Cizikas wins face-off versus James van Riemsdyk in WASHINGTON zone.
7:17 of 2nd period - Shot by Jordan Staal.
7:17 of 2nd period - Stopped by Carter Hart with a rebound.
7:30 of 2nd period - Shot by Dustin Brown.
7:30 of 2nd period - Shot Misses the Net.
7:38 of 2nd period - Shot by Dustin Brown.
7:38 of 2nd period - Shot Blocked by Ryan Graves.
7:40 of 2nd period - Shot by Marco Scandella.
7:40 of 2nd period - Shot Misses the Net.
7:42 of 2nd period - Shot by Marc Staal.
7:42 of 2nd period - Shot Misses the Net.
7:43 of 2nd period - Minor Penalty to Ryan Graves for Close Hand On Puck.
7:44 of 2nd period - Brad Marchand wins face-off versus Luke Glendening in WASHINGTON zone.
8:21 of 2nd period - Damon Severson is hit by Brad Marchand.
8:25 of 2nd period - Drew Doughty is hit by Luke Glendening and loses puck.
8:57 of 2nd period - Shot by Brent Seabrook.
8:57 of 2nd period - Shot Misses the Net.
9:13 of 2nd period - Shot by Charlie Coyle.
9:13 of 2nd period - Stopped by Carter Hart without a rebound.
9:14 of 2nd period - Matt Duchene wins face-off versus Luke Glendening in WASHINGTON zone.
9:52 of 2nd period - Icing by Dylan DeMelo.
9:53 of 2nd period - Eric Staal wins face-off versus Ryan Getzlaf in WASHINGTON zone.
10:26 of 2nd period - Shot by Brendan Gallagher.
10:26 of 2nd period - Stopped by Tuukka Rask without a rebound.
10:27 of 2nd period - Jordan Staal wins face-off versus Ryan O'Reilly in BUFFALO zone.
10:47 of 2nd period - Shot by Blake Wheeler.
10:47 of 2nd period - Stopped by Tuukka Rask without a rebound.
10:48 of 2nd period - Casey Cizikas wins face-off versus Nate Thompson in BUFFALO zone.
11:05 of 2nd period - Shot by Casey Cizikas.
11:05 of 2nd period - Stopped by Tuukka Rask without a rebound.
11:06 of 2nd period - Matt Duchene wins face-off versus Ryan O'Reilly in BUFFALO zone.
11:21 of 2nd period - Icing by Brent Seabrook.
11:22 of 2nd period - Casey Cizikas wins face-off versus Matt Duchene in BUFFALO zone.
11:56 of 2nd period - Justin Williams is hit by Brent Seabrook and loses puck.
12:33 of 2nd period - Shot by Blake Wheeler.
12:33 of 2nd period - Shot Misses the Net.
12:35 of 2nd period - Shot by Blake Wheeler.
12:35 of 2nd period - Shot Blocked by Roman Josi.
12:57 of 2nd period - Icing by Matt Niskanen.
12:58 of 2nd period - Dustin Brown wins face-off versus Ryan O'Reilly in WASHINGTON zone.
13:18 of 2nd period - Icing by Matt Niskanen.
13:19 of 2nd period - Ryan O'Reilly wins face-off versus Nate Thompson in WASHINGTON zone.
13:31 of 2nd period - Off-side.
13:32 of 2nd period - Jordan Staal wins face-off versus Ryan Getzlaf in neutral zone.
13:48 of 2nd period - Icing by Marco Scandella.
13:49 of 2nd period - Luke Glendening wins face-off versus Jordan Staal in BUFFALO zone.
13:58 of 2nd period - Shot by James van Riemsdyk.
13:58 of 2nd period - Shot Blocked by Dylan DeMelo.
14:00 of 2nd period - Shot by Marco Scandella.
14:00 of 2nd period - Shot Misses the Net.
14:01 of 2nd period - Minor Penalty to Dylan DeMelo for Slashing.
14:02 of 2nd period - Luke Glendening wins face-off versus Matt Duchene in WASHINGTON zone.
14:02 of 2nd period - Luke Glendening is hit by Brad Marchand.
14:22 of 2nd period - Minor Penalty to Brad Marchand for Hooking.
14:23 of 2nd period - Eric Staal wins face-off versus Ryan O'Reilly in BUFFALO zone.
14:34 of 2nd period - Shot by Brock Nelson.
14:34 of 2nd period - Deflect By Eric Staal.
14:34 of 2nd period - Shot Misses the Net.
14:42 of 2nd period - Shot by Brock Nelson.
14:42 of 2nd period - Shot Misses the Net.
14:54 of 2nd period - Shot by Blake Wheeler.
14:54 of 2nd period - Stopped by Tuukka Rask without a rebound.
14:55 of 2nd period - Ryan O'Reilly wins face-off versus Eric Staal in BUFFALO zone.
15:04 of 2nd period - Shot by Ryan O'Reilly.
15:04 of 2nd period - Shot Blocked by Brock Nelson.
15:56 of 2nd period - Shot by Jordan Staal.
15:56 of 2nd period - Deflect By Alex Killorn.
15:56 of 2nd period - Stopped by Carter Hart with a rebound.
15:58 of 2nd period - Shot by Alex Killorn.
15:58 of 2nd period - Shot Misses the Net.
16:30 of 2nd period - Shot by Marc Staal.
16:30 of 2nd period - Stopped by Carter Hart without a rebound.
16:31 of 2nd period - Luke Glendening wins face-off versus Jordan Staal in WASHINGTON zone.
16:37 of 2nd period - Dustin Brown is hit by Cal Clutterbuck and loses puck.
16:50 of 2nd period - Shot by Jordan Staal.
16:50 of 2nd period - Stopped by Carter Hart without a rebound.
16:51 of 2nd period - Brendan Gallagher wins face-off versus Eric Staal in WASHINGTON zone.
17:02 of 2nd period - Shot by Ryan Getzlaf.
17:02 of 2nd period - Shot Misses the Net.
18:12 of 2nd period - Shot by Brock Nelson.
18:12 of 2nd period - Stopped by Carter Hart without a rebound.
18:13 of 2nd period - Jordan Staal wins face-off versus Zach Parise in WASHINGTON zone.
18:16 of 2nd period - Shot by Dustin Brown.
18:16 of 2nd period - Deflect By James van Riemsdyk.
18:16 of 2nd period - Stopped by Carter Hart without a rebound.
18:17 of 2nd period - Ryan O'Reilly wins face-off versus Jordan Staal in WASHINGTON zone.
18:17 of 2nd period - Ryan O'Reilly is hit by Dustin Brown.
18:18 of 2nd period - Minor Penalty to Dustin Brown for Delaying the game.
18:19 of 2nd period - Ryan O'Reilly wins face-off versus Jordan Staal in BUFFALO zone.
19:25 of 2nd period - Shot by Matt Niskanen.
19:25 of 2nd period - Deflect By Justin Williams.
19:25 of 2nd period - Stopped by Tuukka Rask without a rebound.
19:26 of 2nd period - Nate Thompson wins face-off versus Ryan O'Reilly in BUFFALO zone.
19:26 of 2nd period - Nate Thompson is hit by Blake Wheeler.
19:42 of 2nd period - Shot by Damon Severson.
19:42 of 2nd period - Stopped by Tuukka Rask with a rebound.
19:44 of 2nd period - Shot by Damon Severson.
19:44 of 2nd period - Shot Misses the Net.
Goals for this period are 0 for BUFFALO vs 1 for WASHINGTON.
Shots for this period are 13 for BUFFALO vs 10 for WASHINGTON.

3rd period


0:01 of 3rd period - Ryan O'Reilly wins face-off versus Jordan Staal in neutral zone.
0:18 of 3rd period - Shot by Blake Wheeler.
0:18 of 3rd period - Stopped by Tuukka Rask without a rebound.
0:19 of 3rd period - Eric Staal wins face-off versus Ryan Getzlaf in BUFFALO zone.
0:19 of 3rd period - Eric Staal is hit by Ryan Getzlaf.
0:29 of 3rd period - Shot by Charlie Coyle.
0:29 of 3rd period - Shot Misses the Net.
0:55 of 3rd period - Brendan Gallagher is hit by Brent Seabrook.
1:01 of 3rd period - Shot by Clayton Keller.
1:01 of 3rd period - Shot Misses the Net.
1:37 of 3rd period - Damon Severson is hit by Drew Doughty and loses puck.
2:08 of 3rd period - Shot by Dustin Brown.
2:08 of 3rd period - Shot Blocked by Dylan DeMelo.
2:10 of 3rd period - Shot by Jordan Staal.
2:10 of 3rd period - Stopped by Carter Hart without a rebound.
2:11 of 3rd period - Luke Glendening wins face-off versus Jordan Staal in WASHINGTON zone.
2:11 of 3rd period - Luke Glendening is hit by Jordan Staal.
2:20 of 3rd period - Minor Penalty to Dustin Brown for Hooking.
2:21 of 3rd period - Jordan Staal wins face-off versus Ryan Getzlaf in BUFFALO zone.
2:46 of 3rd period - Shot by Ryan Getzlaf.
2:46 of 3rd period - Stopped by Tuukka Rask with a rebound.
3:40 of 3rd period - Shot by Zach Parise.
3:40 of 3rd period - Stopped by Tuukka Rask without a rebound.
3:41 of 3rd period - Jordan Staal wins face-off versus Ryan Getzlaf in BUFFALO zone.
3:46 of 3rd period - Shot by Clayton Keller.
3:46 of 3rd period - Goal by Clayton Keller - BUFFALO : 4 - WASHINGTON : 2.
3:47 of 3rd period - Casey Cizikas wins face-off versus Eric Staal in neutral zone.
4:06 of 3rd period - Shot by Eric Staal.
4:06 of 3rd period - Stopped by Carter Hart without a rebound.
4:07 of 3rd period - Ryan O'Reilly wins face-off versus Nate Thompson in WASHINGTON zone.
4:07 of 3rd period - Minor Penalty to Nate Thompson for Hooking.
4:08 of 3rd period - Jordan Staal wins face-off versus Ryan O'Reilly in BUFFALO zone.
4:27 of 3rd period - Shot by Victor Hedman.
4:27 of 3rd period - Deflect By Blake Wheeler.
4:27 of 3rd period - Stopped by Tuukka Rask without a rebound.
4:28 of 3rd period - Ryan Getzlaf wins face-off versus Jordan Staal in BUFFALO zone.
4:31 of 3rd period - Shot by Ryan Getzlaf.
4:31 of 3rd period - Shot Misses the Net.
5:20 of 3rd period - Icing by Ryan O'Reilly.
5:21 of 3rd period - Ryan O'Reilly wins face-off versus Jordan Staal in WASHINGTON zone.
5:28 of 3rd period - Shot by Victor Hedman.
5:28 of 3rd period - Stopped by Tuukka Rask with a rebound.
5:41 of 3rd period - Victor Hedman is hit by Brent Seabrook and loses puck.
5:58 of 3rd period - Shot by Matt Niskanen.
5:58 of 3rd period - Shot Blocked by Marc Staal.
6:00 of 3rd period - Shot by Zach Parise.
6:00 of 3rd period - Stopped by Tuukka Rask with a rebound.
6:02 of 3rd period - Shot by Victor Hedman.
6:02 of 3rd period - Stopped by Tuukka Rask without a rebound.
6:03 of 3rd period - Jordan Staal wins face-off versus Ryan Getzlaf in BUFFALO zone.
7:12 of 3rd period - Shot by Clayton Keller.
7:12 of 3rd period - Shot Misses the Net.
7:15 of 3rd period - Icing by Brent Seabrook.
7:16 of 3rd period - Ryan O'Reilly wins face-off versus Matt Duchene in BUFFALO zone.
7:46 of 3rd period - Brad Marchand is hit by Matt Niskanen and loses puck.
8:25 of 3rd period - Off-side.
8:26 of 3rd period - Casey Cizikas wins face-off versus Eric Staal in neutral zone.
8:37 of 3rd period - Shot by Alex Killorn.
8:37 of 3rd period - Stopped by Carter Hart with a rebound.
8:39 of 3rd period - Shot by Drew Doughty.
8:39 of 3rd period - Stopped by Carter Hart without a rebound.
8:40 of 3rd period - Ryan Getzlaf wins face-off versus Nate Thompson in WASHINGTON zone.
8:42 of 3rd period - Icing by Clayton Keller.
8:43 of 3rd period - Ryan Getzlaf wins face-off versus Matt Duchene in WASHINGTON zone.
8:51 of 3rd period - Radko Gudas is hit by Drew Doughty.
8:53 of 3rd period - Shot by Brendan Gallagher.
8:53 of 3rd period - Stopped by Tuukka Rask without a rebound.
8:54 of 3rd period - Ryan O'Reilly wins face-off versus Alex Killorn in BUFFALO zone.
8:55 of 3rd period - Shot by Zach Parise.
8:55 of 3rd period - Stopped by Tuukka Rask without a rebound.
8:56 of 3rd period - Matt Duchene wins face-off versus Blake Wheeler in BUFFALO zone.
10:23 of 3rd period - Shot by Clayton Keller.
10:23 of 3rd period - Shot Misses the Net.
11:08 of 3rd period - Icing by Dylan DeMelo.
11:09 of 3rd period - Nate Thompson wins face-off versus Casey Cizikas in WASHINGTON zone.
11:09 of 3rd period - Nate Thompson is hit by Dylan DeMelo.
11:18 of 3rd period - Shot by Carl Hagelin.
11:18 of 3rd period - Goal by Carl Hagelin - BUFFALO : 5 - WASHINGTON : 2.
11:19 of 3rd period - Blake Wheeler wins face-off versus Matt Duchene in neutral zone.
11:24 of 3rd period - Shot by Victor Hedman.
11:24 of 3rd period - Stopped by Tuukka Rask with a rebound.
12:01 of 3rd period - Minor Penalty to Matt Niskanen for Hooking.
12:02 of 3rd period - Luke Glendening wins face-off versus Eric Staal in WASHINGTON zone.
12:28 of 3rd period - Shot by Charlie Coyle.
12:28 of 3rd period - Shot Blocked by Radko Gudas.
12:30 of 3rd period - Shot by Shea Theodore.
12:30 of 3rd period - Shot Misses the Net.
12:52 of 3rd period - Roman Josi is hit by Cal Clutterbuck and loses puck.
13:00 of 3rd period - Minor Penalty to Victor Hedman for Hooking.
13:01 of 3rd period - Ryan Getzlaf wins face-off versus Matt Duchene in WASHINGTON zone.
13:16 of 3rd period - Shot by Brad Marchand.
13:16 of 3rd period - Stopped by Carter Hart without a rebound.
13:17 of 3rd period - Ryan Getzlaf wins face-off versus Eric Staal in WASHINGTON zone.
13:58 of 3rd period - Icing by Shea Theodore.
13:59 of 3rd period - Luke Glendening wins face-off versus Eric Staal in BUFFALO zone.
14:25 of 3rd period - Icing by Drew Doughty.
14:26 of 3rd period - Matt Duchene wins face-off versus Luke Glendening in BUFFALO zone.
14:59 of 3rd period - Shot by Matt Duchene.
14:59 of 3rd period - Stopped by Carter Hart without a rebound.
15:00 of 3rd period - Nate Thompson wins face-off versus Clayton Keller in WASHINGTON zone.
15:14 of 3rd period - Icing by Victor Mete.
15:15 of 3rd period - Ryan Getzlaf wins face-off versus Jordan Staal in WASHINGTON zone.
16:03 of 3rd period - Icing by Victor Hedman.
16:04 of 3rd period - Ryan Getzlaf wins face-off versus Matt Duchene in WASHINGTON zone.
16:06 of 3rd period - Icing by Victor Hedman.
16:07 of 3rd period - Ryan Getzlaf wins face-off versus Matt Duchene in WASHINGTON zone.
16:07 of 3rd period - Ryan Getzlaf is hit by Brad Marchand.
16:28 of 3rd period - Brad Marchand is hit by Radko Gudas and loses puck.
16:31 of 3rd period - Shot by Matt Duchene.
16:31 of 3rd period - Shot Blocked by Damon Severson.
16:35 of 3rd period - Shot by Brad Marchand.
16:35 of 3rd period - Shot Misses the Net.
16:37 of 3rd period - Shot by Brad Marchand.
16:37 of 3rd period - Stopped by Carter Hart with a rebound.
16:39 of 3rd period - Shot by Brock Nelson.
16:39 of 3rd period - Stopped by Carter Hart without a rebound.
16:40 of 3rd period - Casey Cizikas wins face-off versus Eric Staal in WASHINGTON zone.
17:05 of 3rd period - Shot by Justin Williams.
17:05 of 3rd period - Shot Misses the Net.
17:13 of 3rd period - Shot by Casey Cizikas.
17:13 of 3rd period - Stopped by Tuukka Rask without a rebound.
17:14 of 3rd period - Ryan O'Reilly wins face-off versus Jordan Staal in BUFFALO zone.
18:07 of 3rd period - Icing by Victor Hedman.
18:08 of 3rd period - Matt Duchene wins face-off versus Ryan O'Reilly in WASHINGTON zone.
18:09 of 3rd period - Shot by Brock Nelson.
18:09 of 3rd period - Stopped by Carter Hart with a rebound.
18:11 of 3rd period - Shot by Shea Theodore.
18:11 of 3rd period - Stopped by Carter Hart without a rebound.
18:12 of 3rd period - Ryan Getzlaf wins face-off versus Brad Marchand in WASHINGTON zone.
18:33 of 3rd period - Shot by Matt Duchene.
18:33 of 3rd period - Shot Misses the Net.
18:35 of 3rd period - Shot by Brock Nelson.
18:35 of 3rd period - Stopped by Carter Hart without a rebound.
18:36 of 3rd period - Casey Cizikas wins face-off versus Alex Killorn in WASHINGTON zone.
18:48 of 3rd period - Minor Penalty to Marc Staal for Interference.
18:49 of 3rd period - Jordan Staal wins face-off versus Ryan Getzlaf in BUFFALO zone.
19:23 of 3rd period - Shot by Brayden Schenn.
19:23 of 3rd period - Shot Blocked by Roman Josi.
Goals for this period are 1 for BUFFALO vs 1 for WASHINGTON.
Shots for this period are 12 for BUFFALO vs 12 for WASHINGTON.